 Dungeon Crawl Stone Soup version 0.30-a0-358-g0d69a1922f (webtiles) character file.

Game seed: 16691160926668777050

3430 Elric the Basher (level 9, -9/74 HPs)
             Began as a Minotaur Fighter on Nov 10, 2022.
             Was a Believer of Makhleb.
             Mangled by a two-headed ogre
             ... wielding a +0 giant spiked club
              (20 damage)
             ... on level 7 of the Dungeon.
             The game lasted 00:08:57 (5880 turns).

Elric the Basher (Minotaur Fighter)                 Turns: 5880, Time: 00:08:58

Health: -9/74      AC: 20    Str: 24    XL:     9   Next: 77%
Magic:  8/8        EV:  9    Int:  7    God:    Makhleb [**....]
Gold:   474        SH:  0    Dex: 15    Spells: 8/8 levels left

rFire   . . .      SeeInvis +    w - +7 flail of Zeggifala {vorpal, Dex+4}
rCold   . . .      Faith    .    c - +0 buckler
rNeg    . . .      Spirit   .    h - +6 chain mail "Gaeha" {Int+2 Slay+5}
rPois   .          Reflect  .    (helmet restricted)
rElec   .          Harm     .    m - +0 cloak
rCorr   .          Rampage  .    B - +0 pair of gloves
Will    .....                    (no boots)
Stlth   ..........               p - amulet of the acrobat
HPRegen 0.32/turn                q - ring of see invisible
MPRegen 0.11/turn                (no ring)

@: confused, ambrosia-drunk
A: horns 2, retaliatory headbutt, iridescent scales 1
a: Renounce Religion, Minor Destruction


You were on level 7 of the Dungeon.
You worshipped Makhleb.
Makhleb was pleased with you.
You visited 1 branch of the dungeon, and saw 7 of its levels.

You collected 474 gold pieces.

Inventory:

Hand Weapons
 a - a +1 flail
 w - the +7 flail of Zeggifala (weapon) {vorpal, Dex+4}
   (You found it on level 4 of the Dungeon)

   It inflicts extra damage upon your enemies.
   Dex:       It affects your dexterity (+4).
Armour
 b - a +0 scale mail
 c - a +0 buckler (worn)
 h - the +6 chain mail "Gaeha" (worn) {Int+2 Slay+5}
   (You found it on level 6 of the Dungeon)

   Int:       It affects your intelligence (+2).
   Slay:      It affects your accuracy & damage with ranged weapons and melee
   (+5).
 m - a +0 cloak (worn)
 B - a +0 pair of gloves (worn)
Jewellery
 p - an amulet of the acrobat (around neck)
 q - a ring of see invisible (left hand)
 u - a ring of flight
 v - a ring of fire
Wands
 C - a wand of polymorph (8)
 E - a wand of paralysis (7)
Scrolls
 d - 4 scrolls of teleportation {unknown}
 e - a scroll of blinking {unknown}
 i - 3 scrolls of enchant armour {unknown}
 k - 5 scrolls of identify {unknown}
 l - 2 scrolls of poison {unknown}
 o - 2 scrolls of vulnerability {unknown}
 r - 2 scrolls of fog {unknown}
 y - a scroll of amnesia {unknown}
 z - a scroll of fear {unknown}
 A - a scroll of noise {unknown}
Potions
 f - 3 potions of mutation
 g - 4 potions of curing
 j - 2 potions of magic {unknown}
 n - 2 potions of ambrosia
 s - a potion of heal wounds {unknown}
 t - a potion of degeneration {unknown}
 x - a potion of flight {unknown}
 D - a potion of might


   Skills:
 + Level 5.4 Fighting
 + Level 14.4 Maces & Flails
 + Level 5.4 Armour
 + Level 3.4 Dodging
 + Level 5.4 Shields


You had 8 spell levels left.
You didn't know any spells.
Your spell library contained the following spells:

 Spells                   Type           Power      Damage    Failure   Level
 Kindle Blastsparks       Fire/Tloc/Air  0%         2d10      100%        3
 Fulminant Prism          Conj/Hex       0%         3d5       100%        4
 Iskenderun's Mystic Bla  Conj/Tloc      0%         2d3       100%        4
 Lee's Rapid Deconstruct  Erth           0%         3d4*      100%        5


Dungeon Overview and Level Annotations

Branches:
Dungeon (7/15)             Temple (0/1) D:5

Altars:
Cheibriados
Gozag
Hepliaklqana
Kikubaaqudgha
Makhleb
Nemelex Xobeh
Qazlal
Ru
Sif Muna
Uskayaw
Vehumet
Yredelemnul
Zin
The Shining One

Shops:
D:3 *   D:4 :


Innate Abilities, Weirdness & Mutations

You have a pair of horns on your head.
You reflexively headbutt those who attack you in melee.
You are partially covered in iridescent scales. (AC +2)


Message History

You kill the acid dragon!
Makhleb accepts your kill.
You feel better.
The acid dragon scales are intact enough to wear.
You sock the orc priest! You headbutt the orc priest.
The orc priest is almost dead.
You barely miss the orc priest.
The orc priest is almost dead.
The orc priest barely misses you.
You thump the orc priest!
You kill the orc priest!
Makhleb accepts your kill.
You feel better.
You thump the two-headed ogre!
The two-headed ogre is moderately wounded.
The two-headed ogre hits you with a +0 giant spiked club!!
The two-headed ogre barely misses you.
You thump the two-headed ogre!
The two-headed ogre is heavily wounded.
You thump the two-headed ogre! You headbutt the two-headed ogre.
The two-headed ogre is severely wounded.
The boulder beetle curls into a ball and begins rolling!
The two-headed ogre hits you with a +0 giant spiked club!
The two-headed ogre hits you with a +0 giant club!
* * * LOW HITPOINT WARNING * * *
You are too injured to fight recklessly!
Okay, then.
It was a potion of ambrosia.
You are confused.
You feel invigorated. The boulder beetle barely misses you.
The boulder beetle stops rolling and uncurls.
You bump into the rock wall.
The two-headed ogre hits you with a +0 giant spiked club!
* * * LOW HITPOINT WARNING * * *
The two-headed ogre hits you with a +0 giant club.
* * * LOW HITPOINT WARNING * * *
The boulder beetle barely misses you.
You bump into the rock wall.
The two-headed ogre hits you with a +0 giant spiked club!!
You die...

###########
###.........
#o...>....## ....
#O#.#.#....##.....
#@#.#.#........... #
#B#.....# #...... #.
#o####..# ... #
...#)####..#### #.##
........#.....####...
......(.#)#.......#..
.o......#.#.#......#.
B......$#DO.##.......
#.##..................


You could see a boulder beetle, a two-headed ogre and 2 orcs.

Vanquished Creatures
  Pikel (D:6)
  Sigmund (D:5)
  Menkaure (D:4)
  An acid dragon (D:7)
  2 water moccasins
  Edmund (D:6)
  2 ice beasts (D:7)
  A sky beast (D:6)
  2 black bears
  An ogre (D:4)
  3 lemures (D:6)
  2 centaurs
  3 phantoms
  A bullfrog (D:6)
  2 scorpions
  3 wights (D:7)
  2 electric eels (D:7)
  Crazy Yiuf (D:3)
  9 hounds
  A jelly (D:5)
  3 gnoll boudas
  3 orc priests (D:7)
  Natasha (D:2)
  An iguana (D:6)
  2 orc wizards (D:7)
  11 gnolls
  10 adders
  A shadow imp (D:5)
  2 white imps
  An ufetubus (D:6)
  2 worms
  A dart slug (D:1)
  9 orcs
  2 ball pythons
  9 endoplasms
  4 giant cockroaches
  7 goblins
  A hobgoblin (D:2)
  2 jackals (D:1)
  9 kobolds
  2 quokkas (D:1)
  6 bats
  2 frilled lizards
  8 rats
139 creatures vanquished.

Vanquished Creatures (others)
  25 plants (D:7)
25 creatures vanquished.

Grand Total: 164 creatures vanquished

Notes
Turn   | Place    | Note
-------+----------+-------------------------------------------
     0 | D:1      | Elric the Minotaur Fighter began the quest for the Orb.
     0 | D:1      | Reached XP level 1. HP: 19/19 MP: 0/0
   119 | D:1      | Reached skill level 3 in Maces & Flails
   130 | D:1      | Reached XP level 2. HP: 26/26 MP: 1/1
   392 | D:1      | Reached skill level 4 in Maces & Flails
   953 | D:2      | Reached XP level 3. HP: 31/31 MP: 2/2
  1467 | D:2      | Noticed Natasha
  1476 | D:2      | Killed Natasha
  1477 | D:2      | Reached skill level 5 in Maces & Flails
  1477 | D:2      | Reached XP level 4. HP: 39/39 MP: 3/3
  1583 | D:3      | Found a burning altar of Makhleb.
  1595 | D:3      | Became a worshipper of Makhleb the Destroyer
  1668 | D:3      | Found a runed translucent door.
  1669 | D:3      | Noticed Crazy Yiuf
  1855 | D:3      | Found Imariys's General Store.
  2027 | D:3      | Found a hazy altar of Hepliaklqana.
  2030 | D:3      | Found a glowing silver altar of Zin.
  2033 | D:3      | Found a hide-covered altar of Uskayaw.
  2036 | D:3      | Found an opulent altar of Gozag.
  2546 | D:3      | Killed Crazy Yiuf
  2547 | D:3      | Reached skill level 6 in Maces & Flails
  2595 | D:4      | Noticed a scorpion
  2611 | D:4      | Killed a scorpion
  2612 | D:4      | Reached XP level 5. HP: 29/45 MP: 4/4
  2613 | D:4      | Reached skill level 7 in Maces & Flails
  2726 | D:4      | Identified the +7 flail of Zeggifala {vorpal, Dex+4}
  2755 | D:4      | Noticed an ogre
  2766 | D:4      | Gained mutation: You are partially covered in large bone
                  | plates. (SH +4) [potion of mutation]
  2768 | D:4      | Killed an ogre
  2769 | D:4      | Reached XP level 6. HP: 25/51 MP: 5/5
  2940 | D:4      | Reached skill level 8 in Maces & Flails
  2951 | D:4      | Reached * piety under Makhleb
  2989 | D:4      | Found Eretas's Book Shop.
  3079 | D:4      | Noticed Menkaure
  3083 | D:4      | Lost mutation: You are partially covered in large bone
                  | plates. (SH +4) [potion of mutation]
  3083 | D:4      | Gained mutation: You are partially covered in iridescent
                  | scales. (AC +2) [potion of mutation]
  3092 | D:4      | Killed Menkaure
  3094 | D:4      | Reached skill level 9 in Maces & Flails
  3094 | D:4      | Reached XP level 7. HP: 48/57 MP: 6/6
  3311 | D:5      | Entered Level 5 of the Dungeon
  3456 | D:5      | Reached skill level 10 in Maces & Flails
  3558 | D:5      | Found a staircase to the Ecumenical Temple.
  3640 | D:5      | Noticed Sigmund
  3652 | D:5      | Killed Sigmund
  3653 | D:5      | Reached skill level 11 in Maces & Flails
  3835 | D:5      | Reached XP level 8. HP: 64/64 MP: 7/7
  4017 | D:5      | Found a shimmering blue altar of Sif Muna.
  4301 | D:5      | Found a sparkling altar of Nemelex Xobeh.
  4301 | D:5      | Found a snail-covered altar of Cheibriados.
  4791 | D:6      | Reached skill level 12 in Maces & Flails
  4797 | D:6      | Noticed Pikel
  4798 | D:6      | Identified the +6 chain mail "Gaeha" {Int+2 Slay+5}
  4815 | D:6      | Killed Pikel
  4816 | D:6      | Reached skill level 13 in Maces & Flails
  4922 | D:6      | Found an ancient bone altar of Kikubaaqudgha.
  5043 | D:6      | Reached ** piety under Makhleb
  5101 | D:6      | Found a glowing golden altar of the Shining One.
  5101 | D:6      | Found a stormy altar of Qazlal.
  5131 | D:6      | Found a radiant altar of Vehumet.
  5131 | D:6      | Found a basalt altar of Yredelemnul.
  5131 | D:6      | Found a sacrificial altar of Ru.
  5212 | D:6      | Noticed Edmund
  5217 | D:6      | Reached skill level 14 in Maces & Flails
  5217 | D:6      | Reached XP level 9. HP: 71/71 MP: 8/8
  5221 | D:6      | Killed Edmund
  5281 | D:6      | Identified the +9 war axe of Buklisar {venom, rN+}
  5284 | D:6      | Reached skill level 1 in Dodging
  5752 | D:7      | Reached skill level 5 in Fighting
  5752 | D:7      | Reached skill level 5 in Armour
  5752 | D:7      | Reached skill level 5 in Shields
  5847 | D:7      | Noticed a two-headed ogre
  5866 | D:7      | Noticed a boulder beetle
  5880 | D:7      | Mangled by a two-headed ogre

Illustrated notes

Levels and vault maps discovered:
D:1:      dpeg_arrival_signposts, layout_loops_ring, grunt_decor_cap,
          minmay_misc_feat_room
D:2:      layout_basic, uniq_natasha
D:3:      layout_loops_corners, lemuel_round_altar,
          grunt_temple_overflow_cloverleaf, serial_glass, glass_columns_a,
          glass_columns_b, serial_shops, nicolae_lakefront_shop,
          kennysheep_generic_room_5, uniq_crazy_yiuf_cottage
D:4:      layout_rooms, serial_shops, nicolae_diamond_shop,
          minmay_fractal_squares_gapless_5, uniq_menkaure
D:5:      layout_basic, lemuel_coloured_pillars_altar,
          nicolae_overflow_two_pavilions, minmay_temple_entry_gardened_gates,
          hex_medium, minivault_24, dreamdust_princess_bridge, nicolae_titane,
          uniq_sigmund
D:6:      layout_basic, gammafunk_temple_overflow_claw,
          nicolae_kikubaaqudgha_miasma_corner, gammafunk_temple_overflow_wave,
          nrook_mini_vaults, uniq_edmund, uniq_pikel
D:7:      layout_basic, serial_bayou, serial_bayou_pond_b, serial_bayou_ford_a,
          serial_bayou_pond_d, serial_bayou_shore_a, serial_bayou_pond_d,
          serial_bayou_lake_a, moated_statue, minmay_manual_mess

Skill      XL: |  1  2  3  4  5  6  7  8  9 |
---------------+----------------------------+-----
Maces & Flails | 3 4 5 6 7 9 11 14 | 14.4
Fighting       | 5 |  5.4
Armour         | 5 |  5.4
Dodging        | 3 |  3.4
Shields        | 5 |  5.4

Action                   |  1- 3 |  4- 6 |  7- 9 || total
-------------------------+-------+-------+-------++-------
Melee: Flail             |    77 |    73 |   171 ||   321
       Headbutt          |     3 |     8 |    29 ||    40
  Use: Potion            |       |     5 |     2 ||     7
       Scroll            |       |       |     2 ||     2
Armor: Scale mail        |    39 |    31 |    29 ||    99
       Skin              |       |     9 |       ||     9
       Chain mail        |       |       |    31 ||    31
Dodge: Dodged            |    32 |    17 |    77 ||   126
Block: Buckler           |    17 |    26 |    39 ||    82

Table legend: (Time is in decaauts)
 A = Elapsed time spent in this place.
 B = Non-inter-level travel time spent in this place.
 C = Inter-level travel time spent in this place.
 D = Time resting spent in this place.
 E = Time spent auto-exploring this place.
 F = Levels seen in this place.
 G = Mean time per level.
                   A        B        C        D        E       F      G
               +--------+--------+--------+--------+--------+-----+--------+
         Total |   5896 |   5670 |    226 |    189 |   4701 |   7 |  842.3 |
       Dungeon |   5896 |   5670 |    226 |    189 |   4701 |   7 |  842.3 |
               +--------+--------+--------+--------+--------+-----+--------+

Top non-repeatable levels by time:
     D:5: 1471 daAuts
     D:3: 1031 daAuts
     D:1: 895 daAuts
     D:6: 751 daAuts
     D:4: 728 daAuts
     D:2: 700 daAuts
     D:7: 318 daAuts
